 Dungeon Crawl Stone Soup version 0.23-a0-299-g9a66eeb (webtiles) character file.

32 mopl the Chopper (level 3, 0/29 HPs)
             Began as a Demonspawn Fighter on Oct 6, 2018.
             Slain by an adder (1 damage)
             ... on level 2 of the Dungeon.
             The game lasted 00:01:43 (1170 turns).

mopl the Chopper (Demonspawn Fighter)               Turns: 1170, Time: 00:01:44

Health: 0/29       AC:  6    Str: 16    XL:     3   Next: 10%
Magic:  3/3        EV:  6    Int:  9    God:
Gold:   83         SH:  8    Dex: 13    Spells: 2/2 levels left

rFire    . . .     SeeInvis .   a - +0 war axe
rCold    . . .     Gourm    +   c - +0 shield
rNeg     + . .     Faith    .   b - +0 scale mail
rPois    .         Spirit   .   (no helmet)
rElec    .         Reflect  .   (no cloak)
rCorr    .         Harm     .   (no gloves)
MR       .....                  (no boots)
Stlth    +.........             h - amulet of the gourmand
HPRegen  0.09/turn              j - ring of positive energy
MPRegen  0.08/turn              (no ring)

@: lethally poisoned (0 -> -3)
A: nightstalker 1
a: no special abilities


You were on level 2 of the Dungeon.
You were completely stuffed.

You visited 1 branch of the dungeon, and saw 2 of its levels.

You collected 83 gold pieces.

Inventory:

Hand Weapons
 a - a +0 war axe (weapon)
Missiles
 i - 5 curare-tipped needles
Armour
 b - a +0 scale mail (worn)
 c - a +0 shield (worn)
Jewellery
 h - an amulet of the gourmand (around neck)
 j - a ring of positive energy (left hand)
Scrolls
 e - 2 scrolls of identify {unknown}
 g - a scroll of remove curse {unknown}
Potions
 d - a potion of might
Comestibles
 f - 3 rations


   Skills:
 - Level 3.0 Fighting
 + Level 3.3 Axes
 - Level 2.6 Armour
 - Level 2.6 Shields


You had 2 spell levels left.
You didn't know any spells.
Your spell library was empty.

Dungeon Overview and Level Annotations

Branches:
Dungeon (2/15)

Altars:
Okawaru
Qazlal


Innate Abilities, Weirdness & Mutations

You are slightly more attuned to the shadows.


Message History

* * * LOW HITPOINT WARNING * * *
You feel sick. You block the adder's attack. x2
You hit the adder but do no damage.
The adder is almost dead.
* * * LOW HITPOINT WARNING * * *
You feel sick. The adder bites you.
* * * LOW HITPOINT WARNING * * *
You block the adder's attack.
You barely miss the adder.
The adder is almost dead.
The adder bites you but does no damage. You block the adder's attack.
You barely miss the adder.
The adder is almost dead.
* * * LOW HITPOINT WARNING * * *
You feel sick. You block the adder's attack.
The adder bites you but does no damage.
Your shield and scale mail prevent you from hitting the adder.
The adder is almost dead.
You block the adder's attack. The adder bites you.
You die... ..._.... ....... ... #...# #.# #... #####.# #wl

#.....## #S# .......## #@#
........# #.# ....).<.# #.#
÷.......# #.#### ......>.#
#....###
.....÷..###########...###
...............######...#
............##...# ###.####
........###....#.######....######


You could see a worm, an adder and a leopard gecko.

Vanquished Creatures
  An ooze (D:1)
  A worm (D:2)
  A dart slug (D:1)
  A giant cockroach (D:1)
  5 goblins
  A hobgoblin (D:1)
  2 jackals (D:2)
  4 bats
  3 frilled lizards
  2 kobolds (D:1)
  2 rats (D:1)
23 creatures vanquished.

Notes
Turn   | Place    | Note
-------+----------+-------------------------------------------
     0 | D:1      | mopl the Demonspawn Fighter began the quest for the Orb.
     0 | D:1      | Reached XP level 1. HP: 18/18 MP: 1/1
    31 | D:1      | Reached skill level 2 in Axes
   215 | D:1      | Gained mutation: You are slightly more attuned to the
                  | shadows. [demonic ancestry]
   215 | D:1      | Reached XP level 2. HP: 21/24 MP: 2/2
   464 | D:1      | Found an iron altar of Okawaru.
   895 | D:1      | Reached skill level 3 in Axes
   982 | D:2      | Reached XP level 3. HP: 18/29 MP: 3/3
  1137 | D:2      | Found a stormy altar of Qazlal.
  1167 | D:2      | HP: 1/29 [adder (2)]
  1170 | D:2      | Slain by an adder

Vault maps used:
D:1:      dpeg_arrival_rooms_c, okawaru_ov_weapons_minmay
D:2:      first_ration, nicolae_qazlal_style_of_elements

Skill      XL: |  1  2 |
---------------+-------+-----
Axes           | 2 3 |  3.3
Fighting       | |  3.0
Armour         | |  2.6
Shields        | |  2.6

Action                   || total
-------------------------++-------
Melee: War axe           ||    94
  Use: Potion            ||     1
  Eat: Chunk             ||    13
Armor: Scale mail        ||    41
Dodge: Dodged            ||    29
Block: Shield            ||    48

Table legend:
 A = Non-vault XP
 B = Vault XP
 C = Vault XP percentage of total XP
 D = Non-vault monster count
 E = Vault monster count
 F = Vault count percentage of total count
                 A         B        C        D         E       F
            +---------+---------+-------+---------+---------+-------
      Total |      47 |       0 |   0.0 |      23 |       0 |   0.0
            +---------+---------+-------+---------+---------+-------
        D:1 |      34 |       0 |   0.0 |      17 |       0 |   0.0
        D:2 |      13 |       0 |   0.0 |       6 |       0 |   0.0
            +---------+---------+-------+---------+---------+-------
